Map: 골든 월 - 래더

Players

INnoVation - Winner!

  • Race: Terran Terran
  • Spawn Location: 7:00

AgoElazer (Elazer)

  • Race: Zerg Zerg
  • Spawn Location: 5:00

Event: StayAtHomestory Cup #1

VOD

Have the link to the VOD?

Description

Time

  • Played on: April 11, 2020, 4:33 p.m.
  • Length: 14:08

All games in this series

Show
View Real Time Build Order
Export as new Build Order

INnoVation Terran - Winner!

Build Orders: Liberator Opening, Reaper Expand 

Get SALT Encoding   

  12  0:00  SCV  
  13  0:13  SCV  
  14  0:17  Supply Depot  
  14  0:25  SCV  
  15  0:38  SCV  
  15  0:41  Barracks  
  16  0:43  Refinery  
  16  0:51  SCV  
  17  1:03  SCV  
  18  1:15  SCV  
  19  1:28  Reaper, Orbital Command  
  20  1:40  Command Center  
  20  1:52  Supply Depot  
  20  1:54  SCV  
  20  2:00  Marine  
  22  2:06  SCV  
  23  2:17  Factory  
  23  2:18  SCV, Marine  
  25  2:30  SCV  
  25  2:36  Barracks Reactor  
  26  2:42  SCV  
  27  2:48  Command Center  
  27  2:54  Orbital Command  
  27  3:00  SCV  
  28  3:05  Starport  
  28  3:09  Refinery  
  28  3:13  SCV  
  28  3:19  Hellion  
  31  3:21  Hellion  
  31  3:26  SCV x2  
  34  3:38  SCV x2  
  36  3:43  Viking, Hellion  
  36  3:48  Hellion  
  42  3:50  SCV x2  
  44  3:59  Barracks Tech Lab  
  44  4:00  Orbital Command  
  44  4:02  SCV x2  
  46  4:07  Hellion  
  46  4:09  Hellion  
  50  4:13  Liberator  
  50  4:15  Supply Depot  
  53  4:17  SCV  
  53  4:18  SCV  
  53  4:21  Stimpack  
  55  4:31  Hellion x2  
  59  4:33  SCV x2  
  59  4:37  SCV  
  62  4:39  Supply Depot  
  62  4:43  Marine  
  63  4:46  SCV x2  
  63  4:47  Supply Depot  
  63  4:49  SCV  
  66  4:54  Barracks  
  66  4:56  Starport Reactor  
  66  5:00  SCV x2  
  66  5:03  SCV, Barracks, Factory Tech Lab  
  66  5:04  Engineering Bay  
  69  5:07  Engineering Bay  
  69  5:12  Refinery x2  
  69  5:14  Marine  
  70  5:15  SCV x3  
  70  5:20  Supply Depot  
  73  5:27  SCV x3  
  74  5:33  Terran Infantry Weapons Level 1  
  74  5:34  Supply Depot  
  74  5:35  Terran Infantry Armor Level 1  
  74  5:40  Marine  
  74  5:41  SCV x2  
  77  5:45  Starport Reactor  
  77  5:48  Marine x2  
  82  5:50  Siege Tank  
  82  5:51  Orbital Command  
  82  5:52  Supply Depot  
  82  5:53  SCV x2  
  84  5:58  Marine  
  84  5:59  Barracks  
  84  6:00  Marine  
  84  6:02  Barracks  
  84  6:07  SCV x2  
  83  6:12  Combat Shield, Marine  
  83  6:13  Marine x2  
  83  6:16  Marine  
  83  6:18  SCV, Marine  
  89  6:19  SCV x2  
  91  6:26  Medivac x2  
  91  6:27  Supply Depot x2  
  91  6:30  Siege Tank  
  98  6:35  Armory  
  98  6:37  SCV x3  
  101  6:40  Refinery  
  101  6:46  Marine x4  
  105  6:48  Barracks Reactor  
  105  6:49  Barracks Reactor, Marine  
  105  6:52  Supply Depot  
  105  6:54  SCV x3  
  108  6:56  Supply Depot  
  109  7:03  Siege Tank  
  109  7:04  Marine x4  
  109  7:07  Marine  
  117  7:10  Medivac  
  117  7:11  Medivac  
  121  7:22  Marine x4  
  122  7:25  Marine  
  122  7:27  Supply Depot  
  122  7:29  Marine, Terran Infantry Weapons Level 2  
  123  7:30  Command Center, Marine x3  
  123  7:31  Missile Turret  
  123  7:33  Terran Infantry Armor Level 2  
  127  7:39  Marine  
  127  7:40  Marine x3  
  127  7:43  Marine  
  127  7:44  Siege Tank  
  135  7:47  Marine x2  
  135  7:48  Marine x2  
  139  7:52  Barracks  
  139  7:54  Supply Depot  
  139  7:55  Barracks x2  
  139  7:57  Marine x3  
  139  7:58  Medivac x2, Marine  
  146  8:01  Marine  
  146  8:05  Marine  
  148  8:07  Supply Depot x3  
  148  8:12  Missile Turret  
  149  8:15  Marine x3  
  149  8:18  Missile Turret  
  152  8:23  Thor  
  152  8:24  Factory  
  152  8:25  Marine x4  
  148  8:27  Marine  
  149  8:44  Barracks Tech Lab x3  
  149  8:45  Drilling Claws, Missile Turret  
  149  8:48  SCV x3  
  151  8:53  Marine x9  
  157  9:03  SCV x2  
  157  9:04  SCV  
  157  9:06  Thor  
  157  9:07  Terran Vehicle And Ship Armor Level 1  
  166  9:11  Planetary Fortress, Marine x2  
  168  9:17  Missile Turret  
  168  9:18  Factory Reactor  
  168  9:19  SCV x3  
  171  9:30  Marauder  
  177  9:33  Marine x10  
  186  9:46  Marauder  
  186  9:47  Concussive Shells, Supply Depot  
  186  9:48  Supply Depot  
  186  9:49  Supply Depot  
  186  9:51  Marauder  
  188  9:53  Missile Turret x2  
  188  9:56  Marauder  
  188  9:57  Marauder  
  188  9:58  Terran Infantry Weapons Level 3  
  188  10:08  Missile Turret  
  188  10:09  Command Center, Thor  
  188  10:12  Terran Infantry Armor Level 3  
  193  10:15  Missile Turret  
  193  10:16  Missile Turret  
  193  10:22  Widow Mine x2  
  193  10:23  Marauder  
  193  10:25  Marine  
  198  10:38  Marauder  
  198  10:41  Command Center  
  200  10:43  Command Center  
  200  10:49  Widow Mine x2  
  165  10:51  Medivac, Thor  
  165  10:53  Marauder x3, Marine x4  
  142  10:59  Marauder  
  144  11:06  Marine x4  
  144  11:10  Marine  
  144  11:11  Marine x3  
  150  11:13  Widow Mine  
  150  11:14  Marauder x3, Widow Mine  
  152  11:27  Medivac x2, Marauder, Marine  
  152  11:28  Marine x4  
  152  11:29  Marine x3  
  165  11:35  Marauder  
  165  11:36  Marauder x2  
  172  11:40  Widow Mine x3  
  172  11:45  Marine  
  172  11:46  Barracks x2  
  177  11:47  Barracks  
  177  11:55  Marauder  
  177  11:57  Marauder x2, Marine x4  
  177  11:58  Marine x4  
  191  12:03  Marine  
  191  12:06  Planetary Fortress, Sensor Tower  
  191  12:07  Missile Turret  
  190  12:11  Widow Mine x2  
  190  12:15  Marine x4  
  195  12:17  Orbital Command  
  195  12:18  Orbital Command  
  197  12:28  Widow Mine  
  197  12:30  Marauder, Marine  
  200  12:41  Medivac x2, Marauder, Widow Mine x2  
  200  12:42  Marauder x2, Marine  
  200  12:44  Barracks Tech Lab  
  196  12:46  Barracks Tech Lab  
  196  12:48  Marine  
  196  12:49  Marine x3, Barracks Tech Lab  
  198  13:06  Marauder, Marine  
  191  13:14  Missile Turret  
  191  13:16  Marauder, Widow Mine x3, Marine  
  191  13:17  Marauder x5, Marine x3  
  191  13:18  Missile Turret  
  200  13:25  Medivac x2  
  167  13:27  Marauder  
  167  13:31  Marine x2  
  146  13:34  Marine x3  
  146  13:35  Marine  
  146  13:38  Marauder x5  
  160  13:46  Widow Mine x3  
  160  13:48  Marine  
  162  13:49  Marine  
  162  13:50  Marine  
Show
View Real Time Build Order
Export as new Build Order

AgoElazer Zerg 

Build Orders: Hatch First, Muta Ling Bane 

Get SALT Encoding   

  12  0:00  Drone  
  13  0:12  Overlord  
  13  0:17  Drone  
  14  0:31  Drone x2  
  16  0:49  Hatchery  
  15  0:52  Drone  
  15  0:55  Drone  
  17  0:59  Drone  
  18  1:10  Extractor  
  17  1:14  Spawning Pool  
  17  1:17  Drone  
  17  1:20  Drone  
  18  1:28  Drone  
  19  1:39  Drone  
  20  1:49  Drone  
  21  2:00  Queen x2  
  25  2:01  Zergling x2  
  25  2:02  Zergling x2  
  27  2:11  Overlord  
  27  2:12  Drone  
  28  2:18  Metabolic Boost  
  28  2:30  Drone x2  
  28  2:34  Drone  
  28  2:36  Queen  
  33  2:40  Queen  
  33  2:42  Overlord  
  35  2:50  Drone  
  36  3:00  Drone x3  
  36  3:05  Drone  
  40  3:07  Drone  
  40  3:11  Drone x3  
  44  3:19  Hatchery  
  43  3:23  Drone  
  44  3:27  Overlord  
  44  3:44  Overlord  
  44  3:45  Queen  
  44  3:46  Drone x6  
  52  3:59  Overlord  
  52  4:03  Extractor  
  52  4:04  Baneling Nest  
  52  4:05  Drone x5  
  52  4:09  Overlord  
  54  4:15  Drone  
  55  4:17  Lair  
  55  4:20  Spore Crawler  
  55  4:21  Drone  
  55  4:23  Queen  
  57  4:24  Drone  
  57  4:29  Zergling x8  
  62  4:32  Zergling x4  
  62  4:36  Zergling x2  
  65  4:41  Spore Crawler  
  65  4:42  Spore Crawler  
  65  4:43  Drone x3  
  65  4:45  Drone  
  67  4:50  Overlord  
  67  4:56  Overlord  
  67  4:57  Drone  
  67  4:58  Drone x2  
  67  4:59  Drone  
  71  5:01  Queen  
  71  5:04  Overlord  
  71  5:06  Baneling x3  
  73  5:10  Drone x2  
  75  5:16  Evolution Chamber  
  75  5:17  Evolution Chamber  
  73  5:24  Drone x3  
  73  5:27  Overlord  
  76  5:30  Centrifical Hooks  
  76  5:31  Drone  
  77  5:39  Overlord x2  
  77  5:41  Drone, Extractor  
  77  5:45  Zerg Melee Weapons Level 1, Zerg Ground Armor Level 1  
  77  5:52  Drone x8  
  85  5:59  Overlord  
  85  6:00  Zergling x6  
  84  6:07  Zergling x6  
  84  6:10  Overlord, Extractor  
  86  6:12  Extractor  
  86  6:15  Drone, Extractor  
  86  6:16  Drone, Spire  
  86  6:17  Drone  
  86  6:18  Drone  
  87  6:20  Drone x2  
  87  6:23  Drone x2  
  90  6:30  Overlord  
  90  6:31  Drone  
  91  6:35  Zergling x4  
  91  6:36  Zergling x2  
  91  6:38  Overseer  
  94  6:42  Zergling x2  
  94  6:43  Zergling x4, Hatchery  
  94  6:45  Burrow, Drone  
  97  6:49  Zergling x8  
  97  6:50  Baneling x2  
  101  6:58  Zergling x8  
  105  7:02  Zergling x6  
  105  7:04  Baneling x6  
  108  7:10  Zergling x6  
  108  7:14  Zergling x6  
  112  7:22  Zergling x6  
  108  7:26  Overlord  
  108  7:27  Zergling x10  
  112  7:33  Mutalisk x2  
  116  7:39  Baneling x3  
  116  7:40  Baneling  
  116  7:41  Mutalisk x6  
  128  7:47  Overlord  
  128  7:55  Overlord  
  128  7:58  Drone x3  
  130  8:02  Zerg Ground Armor Level 2, Zerg Melee Weapons Level 2  
  130  8:04  Zergling x2  
  130  8:05  Zergling x14  
  138  8:17  Zergling x14  
  144  8:24  Zergling x2  
  144  8:25  Zergling x4, Baneling  
  144  8:26  Baneling x7  
  144  8:27  Zerg Flyer Weapons Level 1  
  141  8:29  Drone  
  142  8:37  Zergling x6  
  142  8:38  Zergling x14  
  152  8:46  Mutalisk x3  
  158  8:48  Zergling x4  
  158  8:54  Baneling x8  
  160  8:55  Hatchery  
  160  8:59  Mutalisk  
  161  9:03  Overlord  
  161  9:07  Zergling x12  
  167  9:10  Spore Crawler  
  167  9:11  Drone  
  167  9:16  Overlord x2  
  167  9:20  Infestation Pit  
  167  9:22  Drone x7  
  173  9:24  Baneling x6  
  173  9:29  Zergling x4  
  175  9:33  Baneling x8  
  175  9:38  Zergling x18  
  179  9:43  Zergling x10  
  184  9:48  Mutalisk x2  
  187  9:56  Overlord  
  187  9:58  Hive  
  187  10:00  Extractor  
  187  10:01  Drone x2  
  187  10:02  Overseer, Drone  
  189  10:07  Baneling x6  
  189  10:09  Zergling x8  
  189  10:10  Zergling x6  
  196  10:15  Overlord  
  196  10:19  Zergling x8  
  198  10:24  Zerg Flyer Weapons Level 2, Overlord  
  196  10:30  Baneling x12  
  196  10:32  Zergling x10  
  194  10:47  Zergling x24  
  167  10:55  Zergling x8  
  141  10:59  Baneling x2  
  141  11:00  Baneling x14  
  141  11:01  Baneling x2  
  141  11:02  Zergling x22  
  151  11:09  Drone x2  
  151  11:11  Adrenal Glands  
  153  11:12  Drone  
  153  11:13  Drone x2  
  156  11:19  Drone x2  
  156  11:21  Drone x2  
  160  11:28  Ultralisk Cavern  
  160  11:29  Overlord  
  160  11:30  Zergling x20, Extractor  
  168  11:36  Overlord  
  168  11:39  Zergling x6  
  171  11:47  Overlord  
  171  12:01  Zergling x18  
  171  12:05  Hatchery  
  171  12:07  Baneling x13  
  179  12:09  Overseer  
  179  12:10  Pneumatized Carapace  
  179  12:12  Drone x2  
  181  12:21  Zergling x8  
  181  12:22  Zergling x12  
  190  12:26  Zergling x4  
  183  12:40  Zergling x10  
  175  12:50  Zergling x22  
  185  13:00  Baneling x27  
  185  13:02  Zergling x2  
  167  13:13  Zergling x14  
  167  13:19  Zergling x2  
  168  13:20  Zergling x4  
  168  13:25  Zergling x18  
  139  13:31  Zergling x4  
  143  13:47  Zergling x2  
  143  13:48  Zergling x6  
Tags
 
Add a new tag
Caveats
  • Supply blocks, unpowered buildings, or Contaminate may cause inaccurate times.
  • Supply counts are checked every 10 seconds.